 Dungeon Crawl Stone Soup version 0.30-a0-586-g23e55c9e0a (webtiles) character file.

Game seed: 8644410076963301594

18 bande the Covered (level 2, 0/19 HPs)
             Began as a Gargoyle Fighter on Jan 4, 2023.
             Slain by a worm (4 damage)
             ... on level 2 of the Dungeon.
             The game lasted 00:00:58 (815 turns).

bande the Covered (Gargoyle Fighter)                 Turns: 815, Time: 00:00:59

Health: 0/19       AC: 10    Str: 25    XL:     2   Next: 66%
Magic:  2/2        EV:  9    Int:  8    God:
Gold:   45         SH:  4    Dex:  9    Spells: 1/1 levels left

rFire   . . .      SeeInvis .    a - +0 war axe
rCold   . . .      Faith    .    c - +0 buckler
rNeg    + . .      Spirit   .    b - +0 scale mail
rPois   ∞          Reflect  .    (no helmet)
rElec   +          Harm     .    (no cloak)
rCorr   .          Rampage  .    (no gloves)
Will    .....                    f - +0 pair of boots Stlth
                                 (no amulet)
HPRegen 0.23/turn                e - +6 ring of strength
MPRegen 0.08/turn                (no ring)

@: no status effects
A: sickness immunity, AC +2, negative energy resistance 1, electricity
resistance, torment resistance 1, petrification resistance
a: no special abilities


You were on level 2 of the Dungeon.
You visited 1 branch of the dungeon, and saw 2 of its levels.

You collected 45 gold pieces.

Inventory:

Hand Weapons
 a - a +0 war axe (weapon)
Armour
 b - a +0 scale mail (worn)
 c - a +0 buckler (worn)
 f - a +0 pair of boots (worn)
Jewellery
 e - a +6 ring of strength (left hand)
Scrolls
 g - a scroll of teleportation {unknown}
 j - a scroll of immolation {unknown}
 k - a scroll of fog {unknown}
Potions
 d - a potion of might
 h - a potion of magic {unknown}
 i - a potion of curing {unknown}


   Skills:
 + Level 3.5 Fighting
 + Level 1.9 Axes
 + Level 3.7 Armour
 + Level 3.5 Shields


You had one spell level left.
You didn't know any spells.
Your spell library was empty.

Dungeon Overview and Level Annotations

Branches:
Dungeon (2/15)

Altars:


Innate Abilities, Weirdness & Mutations

You are immune to sickness and miasma.
Your stone body is resilient. (AC +2)
You are immune to poison.
You resist negative energy. (rN+)
You are resistant to electric shocks. (rElec)
You are resistant to unholy torment.
You are immune to petrification.


Message History

A bat is nearby!
The bat hits you but does no damage.
You slash the bat!
You kill the bat!
No target in view!
No target in view!
No target in view!
No target in view!
No target in view!
Found a stone staircase leading down.
You open the door.
There is an open door here.
A worm comes into view.
The worm bites you.
You barely miss the worm. The worm bites you.
You barely miss the worm. You slash the worm!
The worm is moderately wounded.
You block the worm's attack.
You barely miss the worm.
The worm is moderately wounded.
The worm bites you.
You are too injured to fight recklessly!
A worm is nearby!
You are too injured to fight recklessly!
You are too injured to fight recklessly!
You barely miss the worm.
The worm is moderately wounded.
The worm bites you.
You slash the worm!
The worm is heavily wounded.
The worm completely misses you.
You slash the worm!
The worm is almost dead.
The worm bites you.
* * * LOW HITPOINT WARNING * * *
You hit the worm but do no damage.
The worm is almost dead.
The worm bites you.
You die...

#.# #.# ##+# #.. #.##
##...##.# ...#
##.....#.# #..#
##........#
...####.........# .
......+........?+ ...
...####.........###.....
#..# #........@w......
##.# ##.....#####.####
...#######...##
##.##....##'##
#.##.##.##.#
##.##.##.##.#
.......#.##.##
##.##..#.#...###.#
##.##..............


You could see a worm.

Vanquished Creatures
  3 endoplasms (D:1)
  A hobgoblin (D:2)
  2 quokkas (D:1)
  A ball python (D:1)
  2 bats
  2 frilled lizards (D:1)
  2 goblins (D:1)
  4 kobolds (D:1)
  2 rats
19 creatures vanquished.

Notes
Turn   | Place    | Note
-------+----------+-------------------------------------------
     0 | D:1      | bande the Gargoyle Fighter began the quest for the Orb.
     0 | D:1      | Reached XP level 1. HP: 14/14 MP: 1/1
   303 | D:1      | Reached XP level 2. HP: 19/19 MP: 2/2
   815 | D:2      | Slain by a worm

Illustrated notes

Levels and vault maps discovered:
D:1:      heliophobic_arrival_enchanted_forest, layout_loops_ring, serial_glass,
          glass_columns_a, glass_columns_a, glass_columns_b, glass_columns_a,
          glass_columns_c, glass_columns_b
D:2:      layout_loops_corners, serial_shops, nicolae_shop_stone

Action                   || total
-------------------------++-------
Melee: War axe           ||    63
Armor: Scale mail        ||    31
Dodge: Dodged            ||    18
Block: Buckler           ||    14

Table legend: (Time is in decaauts)
 A = Elapsed time spent in this place.
 B = Non-inter-level travel time spent in this place.
 C = Inter-level travel time spent in this place.
 D = Time resting spent in this place.
 E = Time spent auto-exploring this place.
 F = Levels seen in this place.
 G = Mean time per level.
                   A        B        C        D        E       F      G
               +--------+--------+--------+--------+--------+-----+--------+
         Total |    841 |    818 |     23 |    129 |    527 |   2 |  420.5 |
       Dungeon |    841 |    818 |     23 |    129 |    527 |   2 |  420.5 |
               +--------+--------+--------+--------+--------+-----+--------+

Top non-repeatable levels by time:
     D:1: 733 daAuts
     D:2: 107 daAuts
